 Dungeon Crawl Stone Soup version 0.27-a0-906-g0a00ce863d (webtiles) character file.

Game seed: 9700341632171496251

2325 dolemite99 the Insei (level 9, -1/61 HPs)
             Began as a Gnoll Transmuter on Apr 7, 2021.
             Was a Priest of Hepliaklqana.
             Killed from afar by an electric eel (13 damage)
             ... with a bolt of electricity
             ... on level 7 of the Dungeon.
             The game lasted 00:12:58 (8668 turns).

dolemite99 the Insei (Gnoll Transmuter)             Turns: 8668, Time: 00:12:58

Health: -1/61      AC:  6    Str: 12    XL:     9   Next: 42%
Magic:  15/18      EV: 24    Int: 12    God:    Hepliaklqana [***...]
Gold:   472        SH:  0    Dex: 19    Spells: 9/21 levels left

rFire    . . .     SeeInvis .     - Unarmed
rCold    . . .     Faith    .   (shield currently unavailable)
rNeg     . . .     Spirit   .   (armour currently unavailable)
rPois    x         Reflect  .   (helmet currently unavailable)
rElec    .         Harm     .   (cloak currently unavailable)
rCorr    +         Rampage  .   (gloves currently unavailable)
Will     .....                  (boots currently unavailable)
Stlth    +++.......             (no amulet)
HPRegen  0.20/turn              k - +4 ring of protection {=R}
MPRegen  0.16/turn              o - ring of resist corrosion

@: mighty, lethally poisoned (-1 -> -9), spider-form (expiring), hasted, very
quick
A: venomous fangs, reduced essence, tiny, (fangs 1), strong nose, distributed
training
a: End Transformation, Renounce Religion, Recall Ancestor, Ancestor Identity,
Transference


You were on level 7 of the Dungeon.
You worshipped Hepliaklqana.
Hepliaklqana was most pleased with you.
You were a venomous arachnid creature.
You visited 1 branch of the dungeon, and saw 7 of its levels.

You collected 472 gold pieces.

Inventory:

Hand Weapons
 a - a +0 hunting sling
 c - a +2 hand axe of flaming
 d - a +0 dagger
 p - a +2 falchion of holy wrath
 t - a +1 hunting sling
 F - a +0 shortbow
 G - a +1 short sword of flaming
Missiles
 e - 110 stones
 q - 94 arrows
 w - 7 poisoned darts (quivered)
 A - 3 datura-tipped darts
Armour
 f - a +0 robe (melded)
 u - a +0 pair of boots
 v - a +0 cloak (melded)
Magical Staves
 l - a staff of death
Jewellery
 g - a ring of magical power
 k - a +4 ring of protection (left front leg) {=R}
 o - a ring of resist corrosion (right front leg)
Wands
 r - a wand of random effects (6)
 x - a wand of flame (17)
 z - a wand of paralysis (10)
 D - a wand of iceblast (8)
Scrolls
 s - 5 scrolls of teleportation
 y - a scroll of vulnerability
 C - a scroll of enchant armour {unknown}
 H - a scroll of amnesia {unknown}
Potions
 b - a potion of curing
 h - a potion of might
 i - 2 potions of cancellation
 j - a potion of ambrosia
 m - a potion of flight {unknown}
 B - a potion of mutation {unknown}
 E - a potion of heal wounds {unknown}


   Skills:
 + Level 5.0 Fighting
 + Level 4.2 Short Blades
 + Level 4.2 Long Blades
 + Level 4.2 Axes
 + Level 4.2 Maces & Flails
 + Level 4.2 Polearms
 + Level 4.2 Staves
 + Level 4.2 Slings
 + Level 4.2 Bows
 + Level 4.2 Crossbows
 + Level 4.2 Throwing
 + Level 4.2 Armour
 + Level 6.3 Dodging
 + Level 4.2 Stealth
 + Level 4.2 Shields
 + Level 7.9 Unarmed Combat
 + Level 6.6 Spellcasting
 + Level 3.4 Conjurations
 + Level 3.4 Hexes
 + Level 3.4 Summonings
 + Level 3.4 Necromancy
 + Level 3.4 Translocations
 + Level 5.2 Transmutations
 + Level 3.4 Fire Magic
 + Level 3.4 Ice Magic
 + Level 3.4 Air Magic
 + Level 3.4 Earth Magic
 + Level 3.4 Poison Magic
 + Level 4.6 Invocations
 + Level 4.2 Evocations


You had 9 spell levels left.
You knew the following spells:

 Your Spells              Type           Power      Damage    Failure   Level
a - Beastly Appendage     Tmut           32%        N/A       8%          1
b - Spider Form           Tmut/Pois      7%         N/A       22%         3
c - Ice Form              Ice/Tmut       14%        N/A       50%         4
d - Swiftness             Air            12%        N/A       17%         2
z - Blink                 Tloc           N/A        N/A       17%         2

Your spell library contained the following spells:

 Spells                   Type           Power      Damage    Failure   Level
 Wereblood                Tmut           16%        N/A       11%         2
 Apportation              Tloc           24%        N/A       13%         1
 Shock                    Conj/Air       48%        1d6       13%         1
 Gell's Gravitas          Tloc           6%         N/A       28%         3
 Lesser Beckoning         Tloc           6%         N/A       28%         3
 Static Discharge         Conj/Air       12%        N/A       28%         3
 Teleport Other           Tloc           12%        N/A       28%         3
 Airstrike                Air            6%         N/A       61%         4
 Hydra Form               Tmut           8%         N/A       71%         5
 Lightning Bolt           Conj/Air       6%         1d18      89%         5
 Manifold Assault         Tloc           12%        N/A       89%         5


Dungeon Overview and Level Annotations

Branches:
Dungeon (7/15)             Temple (0/1) D:4

Altars:
Elyvilon
Hepliaklqana
Makhleb
Qazlal
Ru
Uskayaw
Vehumet
Zin

Annotations:
D:4 exclusion: statue


Innate Abilities, Weirdness & Mutations

You are a venomous arachnid creature.
You have poisonous fangs.
You are tiny and dextrous.
Your spellcasting is less reliable in this form.
Your armour is entirely melded.
You are incapable of wielding weapons or throwing items.
Your life essence is reduced to manifest your ancestor. (-10% HP)
((You have very sharp teeth.))
Your uncanny sense of smell can sniff out nearby items.
Your experience applies equally to all skills.


Message History

Found a falchion.
You see here 6 gold pieces.
You now have 472 gold pieces (gained 6).
The electric eel shoots out a bolt of lightning at you!
The bolt of electricity hits you!
You hear an angry buzzing noise.
You hear an angry buzzing noise.
A killer bee comes into view.
The electric eel shoots out a bolt of lightning at you!
The bolt of electricity hits you.
The electric eel shoots out a bolt of lightning at you!
The bolt of electricity misses you.
The electric eel shoots out a bolt of lightning at you!
The bolt of electricity hits you!
You feel yourself speed up.
Tanky Tom completely misses the electric eel.
Casting: Spider Form (dangerous; 9% risk of failure)
Confirm with . or Enter, or press ? or * to list all spells.
You turn into a venomous arachnid creature.
Your +0 cloak melds into your body.
Your +0 robe melds into your body.
The killer bee misses you. The killer bee stings you.
You are poisoned.
The killer bee poisons you! The killer bee stings you.
You miss the killer bee.
You feel very sick. The killer bee barely misses you.
You feel very mighty all of a sudden.
You feel sick. The killer bee closely misses you.
You hit the killer bee.
The killer bee is moderately wounded.
You feel sick. The killer bee closely misses you.
You barely miss the killer bee.
The killer bee is moderately wounded.
You feel sick. The killer bee barely misses you.
The electric eel shoots out a bolt of lightning at you!
The bolt of electricity hits Tanky Tom.
The bolt of electricity misses the killer bee.
The bolt of electricity hits you!
You die...

...M.. #....##
#..#..#####
#.........#
##♣#.........#
##P≈≈...<.....#
#P≈≈≈P........#
#≈≈≈≈♣.....M..#
♣≈≈P≈≈....ys..#
♣P≈≈PP..R######
≈≈≈≈≈;...≈#
≈≈≈P≈...≈≈≈#
≈≈≈≈≈R.y≈P≈♣
≈≈≈P;....≈≈♣
≈≈≈≈≈....≈≈♣
≈≈P≈≈≈..≈P♣♣
≈≈≈≈≈...≈≈♣


You could see the friendly Tanky Tom the knight, a mummy, a killer bee and an
electric eel (ally target).

Vanquished Creatures
  A water moccasin (D:5)
  An acid dragon (D:6)
  A black bear (D:6)
  A sky beast (D:3)
  An ogre (D:5)
  A centaur (D:6)
  A phantom (D:6)
  2 bullfrogs (D:6)
  2 scorpions
  4 wights (D:6)
  A centaur zombie (D:5)
  2 hounds (D:4)
  An orc priest (D:6)
  An iguana (D:4)
  2 orc wizards (D:3)
  2 gnolls (D:5)
  5 adders
  A howler monkey skeleton (D:6)
  A white imp (D:5)
  5 worms
  4 dart slugs
  5 orcs
  4 ball pythons
  7 bats
  6 endoplasms
  2 giant cockroaches
  5 goblins
  4 hobgoblins
  4 jackals
  3 quokkas
  2 frilled lizards
  7 kobolds
  9 rats
98 creatures vanquished.

Vanquished Creatures (collateral kills)
  Sigmund (D:6)
  Eustachio (D:5)
  A water moccasin (D:6)
  A sky beast (D:6)
  A necrophage (D:5)
  Blork the orc (D:4)
  A water moccasin skeleton (D:5)
  A jelly (D:6)
  A gnoll shaman (D:5)
  A hound (D:6)
  Crazy Yiuf (D:3)
  Terence (D:3)
  A hound skeleton (D:4)
  7 gnolls (D:5)
  2 orcs
  2 bats (D:2)
  2 endoplasms
  4 giant cockroaches
  A goblin (D:3)
  A hobgoblin (D:3)
  A jackal (D:1)
  A kobold (D:2)
  2 frilled lizards (D:3)
  3 rats (D:2)
39 creatures vanquished.

Vanquished Creatures (others)
  A knight (D:6)
  A fungus (D:3)
  3 plants (D:2)
5 creatures vanquished.

Grand Total: 142 creatures vanquished

Notes
Turn   | Place    | Note
-------+----------+-------------------------------------------
     0 | D:1      | dolemite99 the Gnoll Transmuter began the quest for the
                  | Orb.
     0 | D:1      | Reached XP level 1. HP: 17/17 MP: 6/6
    99 | D:1      | Identified the Papyrus of Spatial Changing
   262 | D:1      | Reached XP level 2. HP: 20/23 MP: 7/7
   461 | D:1      | HP: 1/23 [quokka (3)]
  1260 | D:1      | Found a faded altar of an unknown god.
  1271 | D:1      | Became a worshipper of Hepliaklqana the Forgotten
  1271 | D:1      | Reached * piety under Hepliaklqana
  1378 | D:1      | Reached XP level 3. HP: 23/25 MP: 7/9
  1385 | D:1      | Reached skill level 5 in Spellcasting
  1870 | D:1      | Learned a level 3 spell: Spider Form
  1880 | D:2      | Reached skill level 1 in Invocations
  2097 | D:2      | Reached skill level 1 in Short Blades
  2097 | D:2      | Reached skill level 1 in Long Blades
  2097 | D:2      | Reached skill level 1 in Axes
  2097 | D:2      | Reached skill level 1 in Maces & Flails
  2097 | D:2      | Reached skill level 1 in Polearms
  2097 | D:2      | Reached skill level 1 in Staves
  2097 | D:2      | Reached skill level 1 in Slings
  2097 | D:2      | Reached skill level 1 in Bows
  2097 | D:2      | Reached skill level 1 in Crossbows
  2097 | D:2      | Reached skill level 1 in Throwing
  2097 | D:2      | Reached skill level 1 in Armour
  2097 | D:2      | Reached skill level 1 in Stealth
  2097 | D:2      | Reached skill level 1 in Shields
  2097 | D:2      | Reached skill level 1 in Evocations
  2097 | D:2      | Reached XP level 4. HP: 29/30 MP: 9/11
  2488 | D:2      | Reached skill level 1 in Conjurations
  2488 | D:2      | Reached skill level 1 in Hexes
  2488 | D:2      | Reached skill level 1 in Summonings
  2488 | D:2      | Reached skill level 1 in Necromancy
  2488 | D:2      | Reached skill level 1 in Translocations
  2488 | D:2      | Reached skill level 1 in Fire Magic
  2488 | D:2      | Reached skill level 1 in Ice Magic
  2488 | D:2      | Reached skill level 1 in Air Magic
  2488 | D:2      | Reached skill level 1 in Earth Magic
  2488 | D:2      | Reached skill level 1 in Poison Magic
  2534 | D:2      | Reached ** piety under Hepliaklqana
  2535 | D:2      | Remembered your ancestor Tanky Tom as a knight
  2622 | D:3      | Reached XP level 5. HP: 26/36 MP: 8/12
  3057 | D:3      | Noticed a sky beast
  3066 | D:3      | Killed a sky beast
  3067 | D:3      | Reached XP level 6. HP: 34/42 MP: 7/13
  3470 | D:3      | Noticed Terence
  3477 | D:3      | Killed Terence
  3566 | D:3      | Found a runed translucent door.
  3567 | D:3      | Noticed Crazy Yiuf
  3576 | D:3      | Killed Crazy Yiuf
  3577 | D:3      | Reached skill level 5 in Dodging
  3897 | D:4      | Noticed Blork the orc
  3904 | D:4      | Killed Blork the orc
  3983 | D:4      | Found a staircase to the Ecumenical Temple.
  4028 | D:4      | Reached XP level 7. HP: 46/46 MP: 12/15
  4221 | D:4      | Found a radiant altar of Vehumet.
  4269 | D:4      | Reached skill level 7 in Unarmed Combat
  4486 | D:4      | Found a hide-covered altar of Uskayaw.
  4486 | D:4      | Found a stormy altar of Qazlal.
  4490 | D:4      | Found a burning altar of Makhleb.
  4569 | D:5      | Entered Level 5 of the Dungeon
  4569 | D:5      | Noticed Eustachio
  5656 | D:5      | Reached XP level 8. HP: 54/54 MP: 9/16
  5735 | D:5      | Learned a level 4 spell: Ice Form
  5772 | D:5      | Killed Eustachio
  5971 | D:5      | Reached *** piety under Hepliaklqana
  6152 | D:5      | Found a white marble altar of Elyvilon.
  6465 | D:5      | Found a glowing silver altar of Zin.
  6774 | D:6      | Noticed Sigmund
  6798 | D:6      | Killed Sigmund
  7109 | D:6      | Reached skill level 5 in Transmutations
  7109 | D:6      | Reached XP level 9. HP: 57/59 MP: 16/18
  7302 | D:6      | Learned a level 2 spell: Blink
  7305 | D:6      | Learned a level 2 spell: Swiftness
  8161 | D:6      | Reached skill level 5 in Fighting
  8211 | D:6      | Found a sacrificial altar of Ru.
  8668 | D:7      | Killed from afar by an electric eel

Illustrated notes

Levels and vault maps discovered:
D:1:      evilmike_arrival_home_sweet_home, layout_loops_corners,
          basic_ecumenical_altar
D:2:      cheibrodos_old_hovel, layout_loops_cross, minmay_nonomino_d4
D:3:      layout_basic, uniq_terence, uniq_crazy_yiuf_cottage
D:4:      layout_loops_cross, gammafunk_temple_overflow_claw, vehumet_statue,
          minmay_temple_entry_stoned_glass, uniq_blork_the_orc
D:5:      layout_basic, zin_scriptorium, elyvilon_altar_4, uniq_eustachio
D:6:      layout_loops_cross, nicolae_ru_sacrificial_ziggurat,
          cheibrodos_sewer_entry_bend, uniq_sigmund
D:7:      layout_rooms, serial_undead, serial_undead_c, serial_undead_c,
          serial_undead_c, serial_undead_d, serial_undead_f, serial_undead_f,
          dk_noncrumbling_4, serial_bayou_ford_a

Skill      XL: |  1  2  3  4  5  6  7  8  9 |
---------------+----------------------------+-----
Spellcasting   | 5 6 |  6.6
Invocations    | 1 2 3 4 |  4.6
Short Blades   | 1 2 3 4 |  4.2
Long Blades    | 1 2 3 4 |  4.2
Axes           | 1 2 3 4 |  4.2
Maces & Flails | 1 2 3 4 |  4.2
Polearms       | 1 2 3 4 |  4.2
Staves         | 1 2 3 4 |  4.2
Slings         | 1 2 3 4 |  4.2
Bows           | 1 2 3 4 |  4.2
Crossbows      | 1 2 3 4 |  4.2
Throwing       | 1 2 3 4 |  4.2
Armour         | 1 2 3 4 |  4.2
Stealth        | 1 2 3 4 |  4.2
Shields        | 1 2 3 4 |  4.2
Evocations     | 1 2 3 4 |  4.2
Conjurations   | 1 2 3 |  3.4
Hexes          | 1 2 3 |  3.4
Summonings     | 1 2 3 |  3.4
Necromancy     | 1 2 3 |  3.4
Translocations | 1 2 3 |  3.4
Fire Magic     | 1 2 3 |  3.4
Ice Magic      | 1 2 3 |  3.4
Air Magic      | 1 2 3 |  3.4
Earth Magic    | 1 2 3 |  3.4
Poison Magic   | 1 2 3 |  3.4
Fighting       | 3 4 5 |  5.0
Transmutations | 4 5 |  5.2
Dodging        | 5 6 |  6.3
Unarmed Combat | 7 |  7.9

Action                   |  1- 3 |  4- 6 |  7- 9 || total
-------------------------+-------+-------+-------++-------
Melee: Unarmed           |    56 |    97 |   134 ||   287
       Kick              |    17 |    13 |       ||    30
       Headbutt          |    10 |     5 |       ||    15
       Dagger            |    29 |       |       ||    29
       Bite              |     4 |     5 |     2 ||    11
       Punch             |     1 |       |     1 ||     2
Throw: Dart              |       |       |     2 ||     2
 Cast: Beastly Appendage |    14 |    26 |       ||    40
       Spider Form       |       |     6 |    33 ||    39
Invok: Ancestor Identity |     1 |       |       ||     1
       Recall Ancestor   |     1 |       |     2 ||     3
       Ancestor Life: Kn |       |     1 |       ||     1
  Use: Scroll            |       |     5 |     7 ||    12
       Potion            |       |       |     2 ||     2
 Stab: Sleeping          |       |     4 |     3 ||     7
       Distracted        |       |     1 |     3 ||     4
Armor: Robe              |    17 |    29 |     6 ||    52
       Skin              |       |    10 |    14 ||    24
Dodge: Dodged            |    74 |    71 |   128 ||   273

Table legend: (Time is in decaauts)
 A = Elapsed time spent in this place.
 B = Non-inter-level travel time spent in this place.
 C = Inter-level travel time spent in this place.
 D = Time resting spent in this place.
 E = Time spent auto-exploring this place.
 F = Levels seen in this place.
 G = Mean time per level.
                   A        B        C        D        E       F      G
               +--------+--------+--------+--------+--------+-----+--------+
         Total |   8634 |   8407 |    227 |   2985 |   3838 |   7 | 1233.4 |
       Dungeon |   8634 |   8407 |    227 |   2985 |   3838 |   7 | 1233.4 |
               +--------+--------+--------+--------+--------+-----+--------+

Top non-repeatable levels by time:
     D:6: 2138 daAuts
     D:1: 1778 daAuts
     D:5: 1332 daAuts
     D:4: 1318 daAuts
     D:3: 1230 daAuts
     D:2: 820 daAuts
     D:7: 15 daAuts
